 Dungeon Crawl Stone Soup version 0.28.0-45-g0d030f2227 (webtiles) character file.

Game seed: 6692471381708126426

119 jimonade the Gusty (level 4, -2/35 HPs)
             Began as a Demigod Air Elementalist on Apr 9, 2022.
             Slain by Pargi (4 damage)
             ... on level 3 of the Dungeon.
             The game lasted 00:10:47 (3150 turns).

jimonade the Gusty (Demigod Air Elementalist)       Turns: 3150, Time: 00:10:47

Health: -2/35      AC:  3    Str:  9    XL:     4   Next: 47%
Magic:  1/10       EV: 12    Int: 21    God:
Gold:   49         SH:  0    Dex: 14    Spells: 5/8 levels left

rFire   . . .      SeeInvis .   f - +0 short sword
rCold   . . .      Faith    .   (no shield)
rNeg    . . .      Spirit   .   a - +0 robe
rPois   .          Reflect  .   l - +0 helmet
rElec   .          Harm     .   (no cloak)
rCorr   .          Rampage  .   (no gloves)
Will    .....                   (no boots)
Stlth   ++........              (no amulet)
HPRegen 0.11/turn               (no ring)
MPRegen 0.12/turn               (no ring)

@: no status effects
A: high MP 1, forlorn, divine attributes
a: no special abilities


You were on level 3 of the Dungeon.
You visited 1 branch of the dungeon, and saw 4 of its levels.

You collected 49 gold pieces.

Inventory:

Hand Weapons
 f - a +0 short sword (weapon)
 i - a +0 hunting sling
Missiles
 e - 22 arrows
 j - 56 stones
Armour
 a - a +0 robe (worn)
 b - a +0 plate armour
 l - a +0 helmet (worn)
 q - a +0 ring mail
 u - a +3 leather armour
 v - a +0 pair of gloves
 x - an orb of energy
Wands
 k - a wand of flame (13)
 r - a wand of charming (6)
 t - a wand of acid (9)
Scrolls
 d - a scroll of magic mapping {unknown}
 m - a scroll of teleportation {unknown}
 n - a scroll of amnesia {unknown}
 s - a scroll of identify {unknown}
 y - a scroll of vulnerability {unknown}
Potions
 c - a potion of curing {unknown}
 g - a potion of heal wounds {unknown}
 h - a potion of brilliance {unknown}
 o - a potion of degeneration {unknown}
 p - 2 potions of invisibility {unknown}
 w - a potion of magic {unknown}


   Skills:
 * Level 1.6 Fighting
 + Level 0.3 Short Blades
 - Level 1.7 Dodging
 - Level 1.7 Stealth
 * Level 2.6 Spellcasting
 + Level 1.6 Conjurations
 + Level 3.6 Air Magic


You had 5 spell levels left.
You knew the following spells:

 Your Spells              Type           Power      Damage    Failure   Level
a - Shock                 Conj/Air       52%        1d6       4%          1
b - Static Discharge      Conj/Air       13%        N/A       7%          2

Your spell library contained the following spells:

 Spells                   Type           Power      Damage    Failure   Level
 Swiftness                Air            17%        N/A       10%         3
 Airstrike                Air            8%         N/A       30%         4


Dungeon Overview and Level Annotations

Branches:
Dungeon (4/15)
 Temple: D:4-7

Annotations:
D:3 Pargi
D:4 Blork the orc


Innate Abilities, Weirdness & Mutations

You have an increased reservoir of magic. (+10% MP)
You shall have no god before yourself.
Your divine heritage dramatically boosts your attributes as you level up.


Message History

Pargi is heavily wounded.
You are struck by an arc of lightning.
Pargi is struck by an arc of lightning.
Pargi is severely wounded.
The lightning grounds out.
Pargi bites you. Pargi claws you. Pargi closely misses you.
Casting: Static Discharge (safe; 7% risk of failure)
Confirm with . or Enter, or press ? or * to list all spells.
You don't have enough magic to cast this spell.
Unknown command.
Your magical contamination has completely faded away.
Casting: Static Discharge (safe; 7% risk of failure)
Confirm with . or Enter, or press ? or * to list all spells.
Pargi is struck by an arc of lightning.
Pargi is severely wounded.
The lightning grounds out.
f - a +0 short sword (weapon)
Pargi barely misses you. Pargi claws you but does no damage. Pargi misses you.
You hit Pargi.
Pargi is severely wounded.
Pargi bites you. Pargi closely misses you. Pargi claws you but does no damage.
You closely miss Pargi.
Pargi is severely wounded.
Pargi bites you! Pargi claws you but does no damage. Pargi barely misses you.
You hit Pargi but do no damage.
Pargi is severely wounded.
Pargi barely misses you. x2; Pargi closely misses you.
You hit Pargi.
Pargi is severely wounded.
Pargi closely misses you. x2; Pargi claws you.
You hit Pargi.
Pargi is severely wounded.
Pargi bites you but does no damage. Pargi claws you.
* * * LOW HITPOINT WARNING * * *
Pargi claws you but does no damage.
You hit Pargi but do no damage.
Pargi is severely wounded.
Pargi bites you.
* * * LOW HITPOINT WARNING * * *
Pargi claws you.
You die...

#... #...#(#### #....
#####.#.#.(..# ...
+.#...#.#....#
...#.##.##.#.(..#
#####.#.##.##.#....#
...#......##.#.:..#
#.###.#####.#....#
#.........#.##...####
#>......@T............
#.....................
#...#...#+#+##.#######
##..#.#... ..#
#..#.#.... .##
#.......... .
##.##....#### #.#...


You could see Pargi.

Vanquished Creatures
  A hound (D:4)
  Robin (D:2)
  A dart slug (D:2)
  2 orcs (D:4)
  6 ball pythons
  2 bats
  5 endoplasms
  2 giant cockroaches
  14 goblins
  8 hobgoblins
  9 jackals
  4 quokkas
  3 frilled lizards
  A quokka skeleton (D:4)
  5 rats
64 creatures vanquished.

Notes
Turn   | Place    | Note
-------+----------+-------------------------------------------
     0 | D:1      | jimonade the Demigod Air Elementalist began the quest for
                  | the Orb.
     0 | D:1      | Reached XP level 1. HP: 14/14 MP: 5/5
   270 | D:1      | Reached skill level 3 in Air Magic
   439 | D:1      | Reached XP level 2. HP: 22/22 MP: 0/7
   554 | D:1      | Reached skill level 1 in Conjurations
   877 | D:2      | Reached XP level 3. HP: 27/27 MP: 1/8
   877 | D:2      | Noticed Robin
  1060 | D:1      | Reached skill level 1 in Fighting
  1718 | D:2      | Killed Robin
  2121 | D:2      | Learned a level 2 spell: Static Discharge
  2177 | D:2      | You fall into a shaft and drop 2 floors!
  2609 | D:4      | Reached XP level 4. HP: 33/35 MP: 5/10
  3052 | D:4      | Noticed Blork the orc
  3125 | D:3      | Noticed Pargi
  3150 | D:3      | Slain by Pargi

Illustrated notes

Levels and vault maps discovered:
D:1:      psy_arrival_heroes, layout_rooms
D:2:      kennysheep_the_goblin_king, layout_rooms,
          hellmonk_ecumenical_altar_blasted, eino_tiny_chamber,
          solitary_fountain, minmay_fractal_squares_5, uniq_crazy_yiuf_cottage,
          uniq_robin
D:3:      layout_basic, nicolae_wu_jian_immortal_techniques, chequers_arboretum,
          uniq_ijyb, uniq_terence, uniq_pargi
D:4:      layout_loops_cross, eino_small_chamber_without_monster,
          uniq_blork_the_orc

Skill      XL: |  1  2  3 |
---------------+----------+-----
Air Magic      | 3 |  3.6
Conjurations   | 1 |  1.6
Spellcasting   | 2 |  2.6
Fighting       | 1 |  1.6
Short Blades   | |  0.3
Dodging        | |  1.7
Stealth        | |  1.7

Action                   |  1- 3 |  4- 6 || total
-------------------------+-------+-------++-------
Melee: Short sword       |    27 |     6 ||    33
 Fire: Hunting sling     |       |    11 ||    11
 Cast: Shock             |   101 |     2 ||   103
       Static Discharge  |     6 |    14 ||    20
 Stab: Sleeping          |     1 |       ||     1
Armor: Robe              |    10 |    11 ||    21
Dodge: Dodged            |    31 |    22 ||    53
